MID
GREAT LAKES LOONS @ FORT WAYNE TINCAPS
08/13/2047
 
TOP OF THE 1ST
Great Lakes Loons batting - Pitching for Fort Wayne TinCaps : LHP James Knapp
Pitching: LHP James Knapp
Batting: RHB Josh Crenwelge 0-0: Ball
1-0: Ball
2-0: Ball
3-0: Called Strike
3-1: Ground out 6-3 (Groundball, 6, EV 80.0 MPH)
Batting: RHB Bobby Gray 0-0: Ball
1-0: Fly out, F7 (Flyball, 78M, EV 80.0 MPH)
Batting: RHB Steve Clark 0-0: SINGLE (Groundball, 6MD, EV 99.4 MPH)
Batting: RHB Devon Fourcade 0-0: Ball
1-0: Ball
2-0: Ball
3-0: Base on Balls
Steve Clark to second
Batting: SHB Nate Kopchak 0-0: Called Strike
0-1: Ball
Passed Ball!
Steve Clark to third
Devon Fourcade to second
1-1: Ball
2-1: Called Strike
2-2: Foul Ball, location: 2F
2-2: Ball
3-2: Foul Ball, location: 2F
3-2: Foul Ball, location: 2F
3-2: Foul Ball, location: 2F
3-2: Fly out, F9 (Flyball, 89M, EV 78.8 MPH)
Top of the 1st over - 0 runs, 1 hit, 0 errors, 2 left on base; Great Lakes 0 - Fort Wayne 0
BOTTOM OF THE 1ST
Fort Wayne TinCaps batting - Pitching for Great Lakes Loons : RHP Jason Englert
Pitching: RHP Jason Englert
Batting: RHB Dave McBain 0-0: Fly out, F3 (Popup, 3S, EV 80.0 MPH)
Batting: RHB Tak-keung Chieu 0-0: Ball
1-0: Called Strike
1-1: Ball
2-1: Fly out, F8 (Flyball, 8LS, EV 84.4 MPH)
Batting: LHB Carlos Cuellar 0-0: Ball
1-0: Swinging Strike
1-1: Ball
2-1: Ground out 4-3 (Groundball, 34, EV 86.9 MPH)
Bottom of the 1st over - 0 runs, 0 hits, 0 errors, 0 left on base; Great Lakes 0 - Fort Wayne 0
TOP OF THE 2ND
Great Lakes Loons batting - Pitching for Fort Wayne TinCaps : LHP James Knapp
Batting: RHB T.J. Jordan 0-0: Ball
1-0: Called Strike
1-1: Swinging Strike
1-2: Foul Ball, location: 2F
1-2: Strikes out swinging
Batting: RHB Trevor Conklin 0-0: Called Strike
0-1: Foul Ball, location: 2F
0-2: Ball
1-2: Ball
2-2: Ground out 3-1 (Groundball, 34S, EV 84.4 MPH)
Batting: LHB Jose Robles 0-0: Called Strike
0-1: Ball
1-1: Foul Ball, location: 2F
1-2: Ball
2-2: SINGLE (Groundball, 4MD, EV 100.0 MPH)
Batting: SHB Xavier Alaniz 0-0: Called Strike
0-1: Foul Ball, location: 2F
0-2: Fly out, F7 (Flyball, 7, EV 76.2 MPH)
Top of the 2nd over - 0 runs, 1 hit, 0 errors, 1 left on base; Great Lakes 0 - Fort Wayne 0
BOTTOM OF THE 2ND
Fort Wayne TinCaps batting - Pitching for Great Lakes Loons : RHP Jason Englert
Batting: RHB Freddie Brown 0-0: Ball
1-0: Ball
2-0: Called Strike
2-1: Foul Ball, location: 2F
2-2: Strikes out swinging
Batting: RHB John Freeman 0-0: Called Strike
0-1: Ball
1-1: Ball
2-1: Ground out 6-3 (Groundball, 6, EV 96.9 MPH)
Batting: RHB Hector Fernandez 0-0: Foul Ball, location: 2F
0-1: Foul Ball, location: 2F
0-2: Ball
1-2: Foul Ball, location: 2F
1-2: Ball
2-2: Strikes out swinging
Bottom of the 2nd over - 0 runs, 0 hits, 0 errors, 0 left on base; Great Lakes 0 - Fort Wayne 0
TOP OF THE 3RD
Great Lakes Loons batting - Pitching for Fort Wayne TinCaps : LHP James Knapp
Batting: RHB Josh Crenwelge 0-0: Called Strike
0-1: Ball
1-1: Ball
2-1: Swinging Strike
2-2: Ball
3-2: Strikes out swinging
Batting: RHB Bobby Gray 0-0: SINGLE (Line Drive, 89M, EV 108.1 MPH)
Batting: RHB Steve Clark 0-0: Ball
1-0: Ball
2-0: Fly out, F8 (Line Drive, 8LM, EV 102.5 MPH)
Batting: RHB Devon Fourcade 0-0: Called Strike
0-1: Fielders Choice at 2nd, 6-4 (Groundball, 6, EV 81.2 MPH)
Top of the 3rd over - 0 runs, 1 hit, 0 errors, 1 left on base; Great Lakes 0 - Fort Wayne 0
BOTTOM OF THE 3RD
Fort Wayne TinCaps batting - Pitching for Great Lakes Loons : RHP Jason Englert
Batting: LHB Phil Lerner 0-0: Ball
1-0: Called Strike
1-1: DOUBLE (Groundball, 5L, EV 101.2 MPH)
Batting: RHB Phil McFadden 0-0: Foul Ball, location: 2F
0-1: Ball
1-1: SINGLE (Flyball, 7LS, EV 91.9 MPH)
Phil Lerner to third
Batting: RHB Ed Oake 0-0: Ball
1-0: Foul Ball, location: 2F
1-1: Ball
2-1: Ball
3-1: Fielders Choice at 2nd, 2-4 (Groundball, 15S, EV 70.0 MPH)
Batting: RHB Dave McBain 0-0: Called Strike
0-1: TRIPLE (Groundball, 5L, EV 108.8 MPH)
Phil Lerner scores
Ed Oake scores
Batting: RHB Tak-keung Chieu 0-0: Foul Ball, location: 2F
0-1: Ball
Wild Pitch!
Dave McBain scores
1-1: Ball
2-1: DOUBLE (Line Drive, 3D, EV 96.9 MPH)
Batting: LHB Carlos Cuellar 0-0: Foul Ball, location: 2F
0-1: Fly out, F2 (Popup, 2R, EV 90.6 MPH)
Batting: RHB Freddie Brown 0-0: Ball
1-0: Foul Ball, location: 2F
1-1: Called Strike
1-2: Ball
2-2: DOUBLE (Groundball, 5L, EV 102.5 MPH)
Tak-keung Chieu scores
Batting: RHB John Freeman 0-0: Ball
1-0: Ball
2-0: Ball
3-0: Called Strike
3-1: Base on Balls
Batting: RHB Hector Fernandez 0-0: Hit by Pitch
Freddie Brown to third
John Freeman to second
Batting: LHB Phil Lerner 0-0: Called Strike
0-1: Swinging Strike
0-2: Ball
1-2: GRAND SLAM HOME RUN (Flyball, 89XD, EV 98.8 MPH), Distance : 404 ft
Pitching: RHP Ignacio Gomez
Batting: RHB Phil McFadden 0-0: Fly out, F8 (Flyball, 78D, EV 95.0 MPH)
Bottom of the 3rd over - 8 runs, 6 hits, 0 errors, 0 left on base; Great Lakes 0 - Fort Wayne 8
TOP OF THE 4TH
Great Lakes Loons batting - Pitching for Fort Wayne TinCaps : LHP James Knapp
Batting: SHB Nate Kopchak 0-0: Foul Ball, location: 2F
0-1: SINGLE (Line Drive, 78S, EV 106.2 MPH)
Batting: RHB T.J. Jordan 0-0: Ball
1-0: Ball
2-0: Grounds into double play, 5-4-3 (Groundball, 5, EV 90.0 MPH)
Batting: RHB Trevor Conklin 0-0: Ball
1-0: Ball
2-0: Ball
3-0: Foul Ball, location: 2F
3-1: Base on Balls
Batting: LHB Jose Robles 0-0: Foul Ball, location: 2F
0-1: Ball
1-1: Ball
2-1: Called Strike
2-2: Strikes out swinging
Top of the 4th over - 0 runs, 1 hit, 0 errors, 1 left on base; Great Lakes 0 - Fort Wayne 8
BOTTOM OF THE 4TH
Fort Wayne TinCaps batting - Pitching for Great Lakes Loons : RHP Ignacio Gomez
Batting: RHB Ed Oake 0-0: Called Strike
0-1: Called Strike
0-2: Ball
1-2: Strikes out looking
Batting: RHB Dave McBain 0-0: Swinging Strike
0-1: Swinging Strike
0-2: Strikes out swinging
Batting: RHB Tak-keung Chieu 0-0: Foul Ball, location: 2F
0-1: Ball
1-1: Swinging Strike
1-2: Strikes out swinging
Bottom of the 4th over - 0 runs, 0 hits, 0 errors, 0 left on base; Great Lakes 0 - Fort Wayne 8
TOP OF THE 5TH
Great Lakes Loons batting - Pitching for Fort Wayne TinCaps : LHP James Knapp
Batting: SHB Xavier Alaniz 0-0: Ball
1-0: Ball
2-0: Ball
3-0: Base on Balls
Batting: RHB Josh Crenwelge 0-0: Foul Ball, location: 2F
0-1: Swinging Strike
0-2: Strikes out swinging
Batting: RHB Bobby Gray 0-0: Ball
1-0: Ball
2-0: Foul Ball, location: 2F
2-1: Foul Ball, location: 2F
2-2: Ball
3-2: Foul Ball, location: 2F
3-2: Fly out, F6 (Line Drive, 56, EV 70.6 MPH)
Batting: RHB Steve Clark 0-0: Foul Ball, location: 2F
0-1: Ball
1-1: Ball
2-1: Foul Ball, location: 2F
2-2: Foul Ball, location: 2F
2-2: Ball
3-2: Base on Balls
Xavier Alaniz to second
Batting: RHB Devon Fourcade 0-0: Called Strike
0-1: Swinging Strike
0-2: Ground out 4-3 (Groundball, 4, EV 108.8 MPH)
Top of the 5th over - 0 runs, 0 hits, 0 errors, 2 left on base; Great Lakes 0 - Fort Wayne 8
BOTTOM OF THE 5TH
Fort Wayne TinCaps batting - Pitching for Great Lakes Loons : RHP Ignacio Gomez
Batting: LHB Carlos Cuellar 0-0: Called Strike
0-1: Swinging Strike
0-2: Ground out 4-3 (Groundball, 4, EV 104.4 MPH)
Batting: RHB Freddie Brown 0-0: Ball
1-0: Foul Ball, location: 2F
1-1: Called Strike
1-2: Fly out, F9 (Flyball, 9LS, EV 83.1 MPH)
Batting: RHB John Freeman 0-0: Called Strike
0-1: Foul Ball, location: 2F
0-2: DOUBLE (Flyball, 78D, EV 99.4 MPH)
Batting: RHB Hector Fernandez 0-0: Ball
1-0: Swinging Strike
1-1: Ground out 6-3 (Groundball, 6, EV 95.6 MPH)
Bottom of the 5th over - 0 runs, 1 hit, 0 errors, 1 left on base; Great Lakes 0 - Fort Wayne 8
TOP OF THE 6TH
Great Lakes Loons batting - Pitching for Fort Wayne TinCaps : LHP James Knapp
Batting: SHB Nate Kopchak 0-0: Called Strike
0-1: SINGLE (Line Drive, 4M, EV 98.1 MPH)
Batting: RHB T.J. Jordan 0-0: Ball
1-0: Fielders Choice at 2nd, 3-6 (Groundball, 34, EV 83.1 MPH)
Batting: RHB Trevor Conklin 0-0: Fly out, F9 (Flyball, 9, EV 89.4 MPH)
Batting: LHB Jose Robles 0-0: Fly out, F8 (Line Drive, 8LM, EV 93.1 MPH)
Top of the 6th over - 0 runs, 1 hit, 0 errors, 1 left on base; Great Lakes 0 - Fort Wayne 8
BOTTOM OF THE 6TH
Fort Wayne TinCaps batting - Pitching for Great Lakes Loons : RHP Ignacio Gomez
Batting: LHB Phil Lerner 0-0: Ball
1-0: Called Strike
1-1: Foul Ball, location: 2F
1-2: Strikes out swinging
Batting: RHB Phil McFadden 0-0: Called Strike
0-1: Swinging Strike
0-2: Ground out 4-3 (Groundball, 4, EV 101.9 MPH)
Batting: RHB Ed Oake 0-0: Ball
1-0: Ball
2-0: Foul Ball, location: 2F
2-1: Ground out 6-3 (Groundball, 6, EV 85.0 MPH)
Bottom of the 6th over - 0 runs, 0 hits, 0 errors, 0 left on base; Great Lakes 0 - Fort Wayne 8
TOP OF THE 7TH
Great Lakes Loons batting - Pitching for Fort Wayne TinCaps : LHP James Knapp
Batting: SHB Xavier Alaniz 0-0: Called Strike
0-1: Foul Ball, location: 2F
0-2: Ball
1-2: Ball
2-2: Ball
3-2: Base on Balls
Batting: RHB Josh Crenwelge 0-0: Ball
1-0: Swinging Strike
1-1: Called Strike
1-2: Strikes out swinging
Pitching: RHP David Koski
Batting: RHB Bobby Gray 0-0: Called Strike
0-1: Foul Ball, location: 2F
0-2: Ball
1-2: Ball
2-2: Strikes out swinging
Batting: RHB Steve Clark 0-0: Ball
1-0: Swinging Strike
1-1: Ball
2-1: Foul Ball, location: 2F
2-2: Strikes out swinging
Top of the 7th over - 0 runs, 0 hits, 0 errors, 1 left on base; Great Lakes 0 - Fort Wayne 8
BOTTOM OF THE 7TH
Fort Wayne TinCaps batting - Pitching for Great Lakes Loons : RHP Ignacio Gomez
Batting: RHB Dave McBain 0-0: Ball
1-0: Ball
2-0: Ball
3-0: Base on Balls
Batting: RHB Tak-keung Chieu 0-0: Ball
1-0: Swinging Strike
1-1: Called Strike
Dave McBain steals 2nd base
1-2: Ball
2-2: Ball
3-2: Base on Balls
Pinch Hitting: LHB Justin Alworth 0-0: Ball
1-0: DOUBLE (Line Drive, 9LM, EV 96.2 MPH)
Dave McBain scores
Tak-keung Chieu to third
Runner from 3rd tries for Home, SAFE, no throw by RF
Pinch Hitting: RHB Mike Titus 0-0: Ball
1-0: Called Strike
1-1: Ball
Wild Pitch!
Justin Alworth to third
2-1: Ground out U3 (Groundball, 34, EV 101.9 MPH)
Justin Alworth scores
Batting: RHB John Freeman 0-0: Called Strike
0-1: Swinging Strike
0-2: Ball
1-2: Ball
2-2: Ball
3-2: Fly out, F9 (Flyball, 9LM, EV 89.4 MPH)
Batting: RHB Hector Fernandez 0-0: Ball
1-0: Called Strike
1-1: Ball
2-1: Fly out, F2 (Popup, 25F, EV 76.9 MPH)
Bottom of the 7th over - 3 runs, 1 hit, 0 errors, 0 left on base; Great Lakes 0 - Fort Wayne 11
TOP OF THE 8TH
Great Lakes Loons batting - Pitching for Fort Wayne TinCaps : RHP David Koski
Now at 1B: David Seminario
Now in LF: Justin Alworth
Batting: RHB Devon Fourcade 0-0: Ball
1-0: Swinging Strike
1-1: Ball
2-1: SINGLE (Groundball, 56D, EV 110.6 MPH)
Batting: SHB Nate Kopchak 0-0: Called Strike
0-1: Ball
1-1: SINGLE (Groundball, 6MS, EV 68.1 MPH) (infield hit)
Devon Fourcade to second
Batting: RHB T.J. Jordan 0-0: Ball
1-0: Ball
2-0: Called Strike
2-1: Swinging Strike
2-2: Foul Ball, location: 2F
2-2: Fly out, F4 (Line Drive, 34, EV 67.5 MPH)
Pinch Hitting: LHB Stephen Van Raalte 0-0: Ball
1-0: SINGLE (Groundball, 6M, EV 96.9 MPH)
Devon Fourcade to third
Nate Kopchak to second
Pitching: LHP Darby Jones
Pinch Hitting: RHB Daniel Samano 0-0: DOUBLE (Line Drive, 3D, EV 104.4 MPH)
Devon Fourcade scores
Nate Kopchak scores
Stephen Van Raalte to third
Pitching: RHP Roger Brennan
Batting: SHB Xavier Alaniz 0-0: Foul Ball, location: 2F
0-1: Ball
1-1: Swinging Strike
1-2: Strikes out swinging
Batting: RHB Josh Crenwelge 0-0: Foul Ball, location: 2F
0-1: Ball
1-1: Swinging Strike
1-2: Ball
2-2: Ball
3-2: Base on Balls
Batting: RHB Bobby Gray 0-0: Ball
1-0: Called Strike
1-1: Ball
2-1: Ball
3-1: Foul Ball, location: 2F
3-2: Base on Balls
Stephen Van Raalte scores
Daniel Samano to third
Josh Crenwelge to second
Pinch Hitting: SHB Justin Toth 0-0: Called Strike
0-1: Called Strike
0-2: Ball
1-2: Ball
2-2: Strikes out looking
Top of the 8th over - 3 runs, 4 hits, 0 errors, 3 left on base; Great Lakes 3 - Fort Wayne 11
BOTTOM OF THE 8TH
Fort Wayne TinCaps batting - Pitching for Great Lakes Loons : RHP Ignacio Gomez
Pitching: RHP John Haight
Now at 1B: Robin More
Now at SS: Brad Brady
Now in RF: Stephen Van Raalte
Batting: LHB Phil Lerner 0-0: Ball
1-0: Ball
2-0: Swinging Strike
2-1: Ball
3-1: Base on Balls
Batting: RHB Phil McFadden 0-0: Ball
1-0: Fielders Choice at 2nd, 4-6 (Groundball, 4, EV 81.2 MPH)
Batting: RHB Ed Oake 0-0: Called Strike
0-1: Ball
1-1: Ball
2-1: Swinging Strike
2-2: Ball
3-2: Fielders Choice at 2nd, 4-6 (Groundball, 4, EV 83.1 MPH)
Batting: RHB Dave McBain 0-0: Called Strike
0-1: Called Strike
0-2: Ball
1-2: Ball
2-2: Strikes out swinging
Bottom of the 8th over - 0 runs, 0 hits, 0 errors, 1 left on base; Great Lakes 3 - Fort Wayne 11
TOP OF THE 9TH
Great Lakes Loons batting - Pitching for Fort Wayne TinCaps : RHP Roger Brennan
Batting: RHB Devon Fourcade 0-0: Called Strike
0-1: Ball
1-1: Called Strike
1-2: TRIPLE (Flyball, 7D, EV 107.5 MPH)
Batting: SHB Nate Kopchak 0-0: Ball
1-0: Called Strike
1-1: Swinging Strike
1-2: SINGLE (Groundball, 56D, EV 110.0 MPH)
Devon Fourcade scores
Batting: RHB T.J. Jordan 0-0: Ball
1-0: Ball
2-0: Ball
3-0: Called Strike
3-1: 2-RUN HOME RUN (Flyball, 7D, EV 95.6 MPH), Distance : 372 ft
Pitching: LHP David Hoch
Batting: LHB Stephen Van Raalte 0-0: Ball
1-0: Ball
2-0: Ball
3-0: Base on Balls
Batting: LHB Robin More 0-0: Ball
1-0: Ball
2-0: Fielders Choice at 2nd, 5-4 (Groundball, 56, EV 96.2 MPH)
Batting: SHB Xavier Alaniz 0-0: Foul Ball, location: 2F
0-1: Grounds into double play, 5-4-3 (Groundball, 5, EV 77.5 MPH)
Top of the 9th over - 3 runs, 3 hits, 0 errors, 0 left on base; Great Lakes 6 - Fort Wayne 11
Thursday, December 15th , 2022 - OOTP Baseball 23.9 Build 102